[Event "Titled Tuesday Blitz January 03 Early 2023"]
[White "Khubukshanov, Erdem"]
[Black "Gjestemoen-VonHirsch, Andre"]
[WhiteFideId "54114527"]
[BlackFideId "1539531"]
[WhiteElo "2382"]
[BlackElo "2314"]
[Result "1-0"]
[Round "03"]
[TimeControl "180+2"]
[Date "2023.01.03"]
[WhiteClock "0:00:04"]
[BlackClock "0:00:05"]

1. b3 Nf6 2. Bb2 g6 3. Nf3 Bg7 4. g3 O-O 5. Bg2 d5 6. O-O c6 7. c4 a5 8. a4 Na6 9. d4 Nb4 10. Nbd2 Bf5 11. Nh4 Bc2 12. Qc1 Ne8 13. Bc3 Bf5 14. Nxf5 gxf5 15. e3 e6 16. Nf3 Nd6 17. Qb1 Ne4 18. Be1 c5 19. Qd1 Qe7 20. cxd5 Nxd5 21. Rc1 Rac8 22. Bxa5 cxd4 23. Nxd4 Qa3 24. Ra1 Qb2 25. Qd3 Nxf2 26. Qe2 Qxe2 27. Nxe2 Ng4 28. e4 fxe4 29. Bxe4 Bxa1 30. Rxa1 Nge3 31. Nd4 Rfe8 32. Nf3 f5 33. Bd3 Nc2 34. Rd1 Nce3 35. Re1 Re7 36. Nd4 e5 37. Nxf5 Nxf5 38. Bxf5 Rce8 39. Be4 Nf6 40. Bf5 e4 41. Bc3 Kg7 42. Rf1 Rf7 43. Bg4 e3 44. Bh5 e2 45. Re1 Re6 46. Bxf7 Kxf7 47. Kf2 Ne4+ 48. Kf3 Nxc3 49. Kf2 Nd5 50. Rxe2 Rxe2+ 51. Kxe2 Nb4 52. Kd2 Nc6 53. Kc3 Ke6 54. Kc4 Kd6 55. b4 Ne5+ 56. Kb5 Kc7 57. Kc5 Nd3+ 58. Kc4 Ne1 59. Kd5 Nf3 60. h3 Ng5 61. h4 Nf7 62. g4 Nd6 63. g5 Kd7 64. h5 Nf7 65. g6 hxg6 66. hxg6 Nh6 67. a5 Ng8 68. b5 Ne7+ 69. Kc5 Kc7 70. g7 Ng8 71. Kd5 Kd7 72. Ke5 Ke7 73. a6 bxa6 74. bxa6 Nf6 75. a7 Nd7+ 76. Kf5 Nb6 77. g8=Q 1-0


[Site "https://www.chess.com"]

[Event "Titled Tuesday Blitz January 03 Early 2023"]
[White "Murzin, Volodar"]
[Black "Lacasa Diaz, Jose Antonio"]
[WhiteFideId "44155573"]
[BlackFideId "2203375"]
[WhiteElo "2604"]
[BlackElo "2359"]
[Result "0-1"]
[Round "03"]
[TimeControl "180+2"]
[Date "2023.01.03"]
[WhiteClock "0:00:20"]
[BlackClock "0:00:12"]

1. e4 c5 2. Nf3 g6 3. d4 cxd4 4. Qxd4 Nf6 5. e5 Nc6 6. Qf4 Nd5 7. Qe4 Nb6 8. c4 d5 9. exd6 Bf5 10. Qe3 Bg7 11. dxe7 Nxe7 12. Be2 O-O 13. O-O Re8 14. Qd2 Qc7 15. Nc3 Nxc4 16. Bxc4 Qxc4 17. Qf4 Rac8 18. Qxc4 Rxc4 19. Bd2 Nc6 20. Rfe1 Rd8 21. Rad1 Bg4 22. Bg5 Rxd1 23. Nxd1 f6 24. Ne3 Rc5 25. Bf4 Bxf3 26. gxf3 Nd4 27. Kg2 Bf8 28. Rd1 Ne6 29. Bb8 a6 30. Rd7 Rg5+ 31. Kf1 Nc5 32. Rd8 Kf7 33. f4 Rh5 34. f5 gxf5 35. Rc8 Ne6 36. Nd5 b5 0-1


[Site "https://www.chess.com"]

[Event "Titled Tuesday Blitz January 03 Early 2023"]
[White "Petrova, Irina"]
[Black "Abdilkhair, Abilmansur"]
[WhiteFideId "14124122"]
[BlackFideId "13716417"]
[WhiteElo "2108"]
[BlackElo "2268"]
[Result "0-1"]
[Round "03"]
[TimeControl "180+2"]
[Date "2023.01.03"]
[WhiteClock "0:01:34"]
[BlackClock "0:00:38"]

1. e4 e5 2. Nf3 Nc6 3. Bb5 a6 4. Ba4 Nf6 5. Bxc6 dxc6 6. d3 Bd6 7. Nbd2 Be6 8. b3 Nd7 9. Bb2 Qe7 10. Nc4 Bxc4 11. bxc4 O-O-O 12. O-O f6 13. Rb1 g5 14. Bc3 Nc5 15. Qc1 h5 16. Qb2 b6 17. Bb4 Ne6 18. Bxd6 Qxd6 19. a4 a5 20. Qb3 h4 21. Nd2 g4 22. c5 Nxc5 23. Qa3 g3 24. Nc4 Qd4 25. c3 Qxd3 26. Nxa5 h3 27. hxg3 hxg2 28. Kxg2 Rh2+ 29. Kxh2 Qf3 30. Kg1 Rh8 0-1


[Site "https://www.chess.com"]

[Event "Titled Tuesday Blitz January 03 Early 2023"]
[White "Pinheiro, Iung Alicio de O."]
[Black "Vasques, Antonio Pedro Freixial"]
[WhiteFideId "2104350"]
[BlackFideId "1908332"]
[WhiteElo "2306"]
[BlackElo "2214"]
[Result "1-0"]
[Round "03"]
[TimeControl "180+2"]
[Date "2023.01.03"]
[WhiteClock "0:00:33"]
[BlackClock "0:00:07"]

1. e4 c5 2. Nf3 Nc6 3. c3 Nf6 4. e5 Nd5 5. d4 cxd4 6. Bc4 Nb6 7. Bb3 d5 8. exd6 Qxd6 9. O-O g6 10. Na3 Bg7 11. Nb5 Qd8 12. Bf4 e5 13. Nxe5 Nxe5 14. Bxe5 Bxe5 15. Re1 O-O 16. Rxe5 dxc3 17. Nxc3 Bf5 18. Qf3 Qd4 19. Rae1 Kg7 20. Qxb7 Rfb8 21. Qf3 Rd8 22. h3 h5 23. Re7 Nc4 24. Qb7 Qf6 25. Bxc4 Rab8 26. Rxf7+ 1-0


[Site "https://www.chess.com"]

[Event "Titled Tuesday Blitz January 03 Early 2023"]
[White "Martinez Ramirez, Lennis"]
[Black "Mayaud, Raphael"]
[WhiteFideId "3509079"]
[BlackFideId "627151"]
[WhiteElo "2426"]
[BlackElo "2201"]
[Result "1-0"]
[Round "03"]
[TimeControl "180+2"]
[Date "2023.01.03"]
[WhiteClock "0:00:21"]
[BlackClock "0:00:02"]

1. c4 c6 2. d4 d5 3. Nf3 Nf6 4. Qc2 g6 5. e3 Bf5 6. Qb3 Qb6 7. c5 Qc7 8. Nc3 Bg7 9. Bd2 O-O 10. Rc1 Nbd7 11. Be2 Rab8 12. h3 e5 13. g4 Be6 14. Ng5 exd4 15. exd4 Rbe8 16. Be3 h6 17. Nxe6 Rxe6 18. Qa4 Rfe8 19. Qxa7 Rxe3 20. fxe3 Qg3+ 21. Kd1 Qxe3 22. Rc2 Qxd4+ 23. Kc1 Qxc5 24. Qxb7 Rb8 25. Qc7 Qe3+ 26. Kb1 Ne4 27. Nxe4 Qxe4 28. Qxb8+ Nxb8 29. Rf1 Qb4 30. a3 Qb6 31. Rf3 Na6 32. Ka2 Nc5 33. b4 Ne4 34. Bd3 Qd4 35. h4 h5 36. gxh5 g5 37. hxg5 Nxg5 38. Rg3 f6 39. Kb3 Qh4 40. Re3 Qxh5 41. Rxc6 Qg4 42. Re8+ Kf7 43. Rd8 Ne4 44. Rxd5 Qf3 45. Rd7+ Ke8 46. Rcc7 Bf8 47. Ka4 Nd6 48. Bg6+ Nf7 49. Bxf7# 1-0


[Site "https://www.chess.com"]

[Event "Titled Tuesday Blitz January 03 Early 2023"]
[White "Dardha, Arben"]
[Black "Saravana, Krishnan P."]
[WhiteFideId "4700481"]
[BlackFideId "5018382"]
[WhiteElo "2262"]
[BlackElo "2284"]
[Result "1-0"]
[Round "03"]
[TimeControl "180+2"]
[Date "2023.01.03"]
[WhiteClock "0:00:13"]
[BlackClock "0:00:02"]

1. e4 Nc6 2. d4 e5 3. dxe5 Nxe5 4. f4 Ng6 5. Nf3 Nf6 6. f5 Ne7 7. e5 Nfd5 8. Bc4 Nb6 9. Bxf7+ Kxf7 10. Ng5+ Kg8 11. O-O h6 12. f6 gxf6 13. exf6 hxg5 14. Bxg5 Rh7 15. Qg4 d5 16. Qg3 Qd7 17. fxe7 Bg7 18. Nc3 Qe8 19. Rae1 Bd7 20. Bh6 Rxh6 21. Rf8+ Qxf8 22. exf8=Q+ Rxf8 23. Qxc7 Rf7 24. Qd8+ Kh7 25. Qg5 Rg6 26. Qh5+ Bh6 27. h3 Rfg7 28. Re2 d4 29. Ne4 Nc4 30. Qh4 d3 31. cxd3 Ne3 32. Nf6+ Rxf6 33. Qxf6 Bc6 34. Rxe3 Bxe3+ 35. Kf1 Bh6 36. Qf5+ Rg6 37. h4 Bxg2+ 38. Kf2 Kg7 39. Qd7+ Kf6 40. Qd6+ Kf5 41. Qd7+ Kf6 42. Qd8+ Kf5 43. h5 Rf6 44. Kxg2 Kg5 45. Qg8+ Kxh5 46. Qe8+ Kg5 47. Kg3 Rg6 48. Qe5# 1-0


[Site "https://www.chess.com"]

[Event "Titled Tuesday Blitz January 03 Early 2023"]
[White "Zaichenko, Daria"]
[Black "Melian, Juan Sebastian"]
[WhiteFideId "4197453"]
[BlackFideId "3706575"]
[WhiteElo "2104"]
[BlackElo "2293"]
[Result "0-1"]
[Round "03"]
[TimeControl "180+2"]
[Date "2023.01.03"]
[WhiteClock "0:00:03"]
[BlackClock "0:00:03"]

1. e4 h6 2. d4 d6 3. f4 e6 4. Nf3 Ne7 5. Bd3 Nd7 6. c4 b6 7. Nc3 Bb7 8. Be3 a6 9. O-O g6 10. b4 Bg7 11. Rc1 O-O 12. f5 exf5 13. exf5 c5 14. Ne4 Nxf5 15. Bf4 Nf6 16. d5 Nh5 17. Bd2 Nd4 18. g4 Nf6 19. Nxd4 Nxe4 20. Bxe4 Bxd4+ 21. Kh1 Bg7 22. bxc5 bxc5 23. Qf3 Qd7 24. Rce1 Rae8 25. Qg2 Re7 26. h4 Rfe8 27. h5 g5 28. Bf5 Qd8 29. Rxe7 Rxe7 30. Qf3 Bc8 31. Ba5 Qe8 32. Bb1 Re3 33. Qf2 f5 0-1


[Site "https://www.chess.com"]

[Event "Titled Tuesday Blitz January 03 Early 2023"]
[White "Horobetz, Graham"]
[Black "Vifleemskaia, Svetlana"]
[WhiteFideId "2047322"]
[BlackFideId "4129490"]
[WhiteElo "2140"]
[BlackElo "1971"]
[Result "1-0"]
[Round "03"]
[TimeControl "180+2"]
[Date "2023.01.03"]
[WhiteClock "0:01:17"]
[BlackClock "0:00:06"]

1. e4 e5 2. Nf3 Nc6 3. Bb5 a6 4. Ba4 Nf6 5. O-O Be7 6. Re1 b5 7. Bb3 d6 8. c3 O-O 9. a4 Bb7 10. d3 Na5 11. Bc2 c5 12. Nbd2 Nc6 13. Nf1 g6 14. Bh6 Re8 15. axb5 axb5 16. Rxa8 Bxa8 17. Bb3 Na5 18. Ba2 Ng4 19. Be3 Nxe3 20. Nxe3 Bf8 21. Bd5 Bg7 22. Qa1 Bh6 23. Bxa8 Qxa8 24. Nd5 Nb3 25. Qd1 Qa2 26. Nf6+ Kf8 27. Nxe8 Kxe8 28. Qb1 Qa4 29. Qc2 Ke7 30. d4 exd4 31. cxd4 c4 32. e5 d5 33. e6 f6 34. h4 b4 35. h5 Qe8 36. Nh4 f5 37. Qd1 Bf4 38. Qf3 Bd6 39. Qxd5 1-0


[Site "https://www.chess.com"]

[Event "Titled Tuesday Blitz January 03 Early 2023"]
[White "Turzo, Attila"]
[Black "Gressmann, Moritz"]
[WhiteFideId "704954"]
[BlackFideId "24695084"]
[WhiteElo "2279"]
[BlackElo "2129"]
[Result "1/2-1/2"]
[Round "03"]
[TimeControl "180+2"]
[Date "2023.01.03"]
[WhiteClock "0:00:21"]
[BlackClock "0:00:53"]

1. d4 Nf6 2. Bf4 d5 3. e3 a6 4. Nf3 Nc6 5. c4 Bg4 6. Nc3 e6 7. h3 Bh5 8. a3 Bd6 9. Bxd6 Qxd6 10. cxd5 Nxd5 11. Ne4 Qe7 12. Ng3 Bg6 13. e4 Nf6 14. Bd3 Rd8 15. Rc1 O-O 16. Bxa6 bxa6 17. Rxc6 Nxe4 18. Rxa6 c5 19. Ra4 Qb7 20. O-O Qxb2 21. Qc1 Qxc1 22. Rxc1 Nxg3 23. fxg3 cxd4 24. Rxd4 Rxd4 25. Nxd4 h5 26. Nc6 Ra8 27. Ne7+ Kh7 28. Rc3 Be4 29. Nc8 Bd5 30. Nb6 Rb8 31. Nxd5 exd5 32. a4 Rb1+ 33. Kf2 Ra1 34. Rd3 Rxa4 35. Rxd5 g6 36. Kf3 Kg7 37. Rd6 Ra3+ 38. Kf2 Ra2+ 39. Kf3 Ra3+ 40. Kf2 Ra2+ 41. Kg1 Ra1+ 42. Kh2 Ra4 43. Rb6 Ra3 44. Rb4 Ra2 45. g4 hxg4 46. Rxg4 f5 47. Rb4 Kf6 48. Kg3 Ra3+ 49. Kh4 Ra2 50. g4 fxg4 51. Rb6+ Kg7 52. hxg4 Ra4 53. Kg5 Ra5+ 54. Kh4 Ra4 55. Rc6 Rb4 56. Rc7+ Kh6 57. Ra7 Rc4 58. Kg3 Rc3+ 59. Kf4 Rc4+ 60. Kg3 Rc3+ 61. Kf4 Rc4+ 62. Kg3 1/2-1/2


[Site "https://www.chess.com"]

[Event "Titled Tuesday Blitz January 03 Early 2023"]
[White "Babikov, Ivan"]
[Black "Garv Gaur"]
[WhiteFideId "4161106"]
[BlackFideId "45030839"]
[WhiteElo "2239"]
[BlackElo "2006"]
[Result "1-0"]
[Round "03"]
[TimeControl "180+2"]
[Date "2023.01.03"]
[WhiteClock "0:00:08"]
[BlackClock "0:00:21"]

1. d4 Nf6 2. Nf3 d5 3. Bg5 c5 4. e3 Ne4 5. Bf4 Nc6 6. c3 Bf5 7. Bd3 e6 8. O-O Bd6 9. Bxd6 Qxd6 10. dxc5 Qxc5 11. Nd4 Bg6 12. Na3 O-O 13. Nac2 Rfd8 14. Qe2 e5 15. Nxc6 bxc6 16. f3 Nd6 17. Bxg6 hxg6 18. Nb4 Nf5 19. Rfe1 a5 20. Nd3 Qe7 21. e4 dxe4 22. fxe4 Nd6 23. Rad1 a4 24. Nb4 Qc7 25. Rd2 a3 26. b3 Nb5 27. Qe3 Rxd2 28. Qxd2 Rd8 29. Qe3 Qd6 30. h3 Qd2 31. Nxc6 Qxe3+ 32. Rxe3 Rd2 33. Nb4 Rd1+ 34. Kh2 Rc1 35. c4 Nd4 36. Rd3 Kf8 37. Rd2 Ke7 38. Nd5+ Kd6 39. Nb4 f6 40. Nd3 Rc3 41. Nb4 Rc1 42. Nd3 Rc2 43. Rxc2 Nxc2 44. Nc1 f5 45. exf5 gxf5 46. Kg3 g5 47. Kf3 e4+ 48. Ke2 Kc5 49. Kd2 Nb4 50. g3 Kd4 51. Ne2+ Ke5 52. Nc3 f4 53. gxf4+ gxf4 54. Ke2 f3+ 55. Kf2 Kd4 56. Nb5+ Kd3 57. Nxa3 e3+ 58. Kxf3 e2 59. Kf2 Nxa2 60. c5 Nc3 61. Nc4 Ne4+ 62. Ke1 Ng5 63. Nb2+ Ke3 64. Nc4+ Kd3 65. Ne5+ Ke4 66. c6 Kxe5 67. c7 Ke4 68. c8=Q Ke3 69. Qe8+ Ne4 70. Qh5 Ng3 71. Qg5+ Kf3 72. Qxg3+ Kxg3 73. Kxe2 Kxh3 74. Kf3 Kh4 75. Kf4 Kh5 76. Kf5 Kh6 77. Kf6 Kh7 78. b4 Kh6 79. b5 Kh5 80. b6 Kg4 81. b7 Kf3 82. b8=Q Ke3 83. Qb3+ Kd4 84. Qb4+ Kd5 85. Qf4 Kc5 86. Ke6 Kb5 87. Kd6 Ka5 88. Qc1 Kb6 89. Qb2+ Ka7 90. Kc7 Ka8 91. Qb8# 1-0


[Site "https://www.chess.com"]

[Event "Titled Tuesday Blitz January 03 Early 2023"]
[White "Taboas Rodriguez, Daniel"]
[Black "Kaminski, Victor"]
[WhiteFideId "2208466"]
[BlackFideId "1131630"]
[WhiteElo "2371"]
[BlackElo "2247"]
[Result "1-0"]
[Round "03"]
[TimeControl "180+2"]
[Date "2023.01.03"]
[WhiteClock "0:00:20"]
[BlackClock "0:00:03"]

1. d4 Nf6 2. Nf3 d5 3. c4 e6 4. Bg5 Bb4+ 5. Nc3 h6 6. Bh4 g5 7. Bg3 Ne4 8. Qc2 h5 9. h4 g4 10. Nd2 Nxg3 11. fxg3 dxc4 12. e3 c5 13. O-O-O cxd4 14. Nxc4 Nc6 15. exd4 Bxc3 16. Qxc3 Ne7 17. d5 O-O 18. d6 Nd5 19. Qe5 f5 20. Kb1 Bd7 21. Ne3 Nxe3 22. Qxe3 Qf6 23. Bc4 Kg7 24. Rhe1 Rfe8 25. Bb3 a5 26. Rc1 a4 27. Rc7 axb3 28. Rxd7+ Kg6 29. axb3 Ra6 30. Rd1 Rea8 31. Rd3 Ra1+ 32. Kc2 R1a2 33. Rc3 1-0


[Site "https://www.chess.com"]

[Event "Titled Tuesday Blitz January 03 Early 2023"]
[White "Slovineanu"]
[Black "Andreev, Eduard"]
[BlackFideId "14103400"]
[WhiteElo "2294"]
[BlackElo "2413"]
[Result "0-1"]
[Round "03"]
[TimeControl "180+2"]
[Date "2023.01.03"]
[WhiteClock "0:00:03"]
[BlackClock "0:01:23"]

1. e4 c6 2. d4 d5 3. e5 c5 4. c3 Nc6 5. f4 h5 6. Nf3 Bg4 7. Be3 Nh6 8. dxc5 Nf5 9. Bf2 h4 10. Be2 e6 11. b4 Be7 12. Nbd2 O-O 13. Nb3 f6 14. O-O h3 15. g3 fxe5 16. Nxe5 Nxe5 17. fxe5 Bxe2 18. Qxe2 Qe8 19. Nd4 Qg6 20. Nxf5 Rxf5 21. Bd4 Raf8 22. Rxf5 Rxf5 23. Rf1 Bg5 24. Rxf5 Qxf5 25. a4 Qb1+ 26. Kf2 Qf5+ 27. Kg1 Qb1+ 28. Kf2 Qh1 29. Qb5 Qxh2+ 30. Kf3 Qg2+ 31. Kg4 h2 32. Qe8+ Kh7 33. Qh5+ Bh6 0-1


[Site "https://www.chess.com"]

[Event "Titled Tuesday Blitz January 03 Early 2023"]
[White "Dilmukhametov, Artur"]
[Black "Fisher_TheGalactic"]
[WhiteFideId "24179922"]
[WhiteElo "2276"]
[BlackElo "2521"]
[Result "0-1"]
[Round "03"]
[TimeControl "180+2"]
[Date "2023.01.03"]
[WhiteClock "0:00:00"]
[BlackClock "0:00:04"]

1. e4 e6 2. d4 d5 3. Nd2 dxe4 4. Nxe4 Nd7 5. Nf3 Ngf6 6. Bd3 Nxe4 7. Bxe4 c5 8. O-O Be7 9. Be3 Qc7 10. c3 O-O 11. Bc2 Nf6 12. Qe2 b6 13. Rfd1 Bb7 14. dxc5 Bxc5 15. Nd4 Rad8 16. Bg5 Be7 17. Rd2 h6 18. Bh4 Nd5 19. Bg3 Qc8 20. Rad1 Bg5 21. Rd3 Ba6 22. h4 Bf6 23. Qe4 Bxd3 24. Bxd3 g6 25. h5 Ne7 26. hxg6 Nxg6 27. Qg4 e5 28. Nf5 Bg5 29. Qh5 e4 30. Bxe4 Rxd1+ 31. Qxd1 Qe6 32. Qf3 Rd8 33. Nd4 Qf6 34. Bf5 Ne7 35. Qg4 Nxf5 36. Nxf5 Rd5 37. Ne3 Rd3 38. Nf5 Kh7 39. Nd4 Qg6 40. Kh2 Bf6 41. Qe2 Bxd4 42. cxd4 Rxd4 43. Qe7 Rd5 44. f3 Rh5+ 45. Kg1 Qb1+ 0-1


[Site "https://www.chess.com"]

[Event "Titled Tuesday Blitz January 03 Early 2023"]
[White "Wieczorek, Zbigniew"]
[Black "Quinones Garcia, Santiago"]
[WhiteFideId "1102001"]
[BlackFideId "4408497"]
[WhiteElo "2150"]
[BlackElo "2248"]
[Result "0-1"]
[Round "03"]
[TimeControl "180+2"]
[Date "2023.01.03"]
[WhiteClock "0:00:05"]
[BlackClock "0:00:05"]

1. Nf3 d5 2. g3 c6 3. Bg2 Nf6 4. d3 Bg4 5. O-O Nbd7 6. c4 e6 7. Qb3 Nc5 8. Qc2 Bd6 9. Be3 Ncd7 10. Nc3 O-O 11. Rac1 e5 12. cxd5 cxd5 13. Nb5 Bb8 14. Nc7 Bxc7 15. Qxc7 d4 16. Bg5 h6 17. Bxf6 Qxf6 18. h3 Be6 19. Nd2 Rab8 20. Kh2 b6 21. Qxa7 h5 22. Rc7 Rfd8 23. Ne4 Qg6 24. Nd6 h4 25. Rfc1 Qf6 26. Ne4 Qh6 27. gxh4 Qf4+ 28. Ng3 Qxf2 29. Rf1 Qe3 30. Nf5 Qxe2 31. Ne7+ Kh8 32. Nc6 Ra8 33. Qb7 Rf8 34. Rxd7 Bxd7 35. Qxd7 Rxa2 36. Qf5 Rxb2 37. Rg1 g6 38. Qf6+ Kh7 39. Nxe5 Qf2 40. Qg5 Re8 41. Ng4 Qxg1+ 42. Kxg1 Ree2 43. Nf6+ Kg7 44. Ne4 Rb1+ 45. Kh2 Rbb2 46. Qf6+ Kg8 47. Qg5 Kg7 48. h5 b5 49. h6+ Kh7 50. Qf4 f5 51. Qg5 b4 52. Nf6+ Kh8 53. Qxg6 Rxg2+ 54. Qxg2 Rxg2+ 55. Kxg2 b3 56. Kf3 b2 57. Kf4 b1=Q 58. Kxf5 Qxd3+ 59. Kg5 Qxh3 60. Kg6 Qg3+ 61. Kf7 d3 62. Ne4 Qf4+ 63. Nf6 d2 64. Kg6 d1=Q 0-1


[Site "https://www.chess.com"]

[Event "Titled Tuesday Blitz January 03 Early 2023"]
[White "Schut, Han"]
[Black "Kopczynski, Michal"]
[WhiteFideId "1005561"]
[BlackFideId "1124200"]
[WhiteElo "2101"]
[BlackElo "2225"]
[Result "0-1"]
[Round "03"]
[TimeControl "180+2"]
[Date "2023.01.03"]
[WhiteClock "0:00:07"]
[BlackClock "0:00:11"]

1. e4 b6 2. d4 Bb7 3. Bd3 e6 4. Qe2 Nf6 5. f4 d5 6. e5 Nfd7 7. f5 g6 8. fxe6 fxe6 9. Nf3 Be7 10. h4 c5 11. c3 Nc6 12. h5 g5 13. h6 cxd4 14. Nxg5 Ndxe5 15. Nxe6 Qd6 16. Ng7+ Kd8 17. Bf5 d3 18. Qh5 Kc7 19. O-O Rag8 20. Bf4 Bf6 21. Nd2 Kb8 22. Rae1 Ka8 23. Nf3 Nxf3+ 24. Rxf3 Qc5+ 25. Be3 d2 26. Rd1 d4 27. cxd4 Nxd4 28. Rxd2 Nxf3+ 29. Kf2 Qb4 30. gxf3 Bh4+ 31. Kg2 Rd8 32. Rxd8+ Rxd8 33. Ne6 Rc8 34. Bf4 Qxb2+ 35. Kh3 Bd8 36. Nxd8 Rxd8 37. Qf7 a5 38. Be4 Bxe4 39. fxe4 Qa3+ 40. Kg4 Qf8 41. Qe6 Qg8+ 42. Kf3 Qxe6 0-1


[Site "https://www.chess.com"]

[Event "Titled Tuesday Blitz January 03 Early 2023"]
[White "Carlstedt, Jonathan"]
[Black "Brown, Andrew"]
[WhiteFideId "24614386"]
[BlackFideId "3206513"]
[WhiteElo "2441"]
[BlackElo "2279"]
[Result "1-0"]
[Round "03"]
[TimeControl "180+2"]
[Date "2023.01.03"]
[WhiteClock "0:01:23"]
[BlackClock "0:00:02"]

1. c4 e5 2. g3 Nc6 3. Bg2 d6 4. Nc3 g6 5. e4 Bg7 6. Nge2 Nd4 7. O-O Ne7 8. d3 O-O 9. f4 c6 10. Be3 Bg4 11. Qd2 Qd7 12. Rf2 f5 13. Raf1 Nxe2+ 14. Nxe2 fxe4 15. dxe4 exf4 16. gxf4 Bh3 17. Ng3 Bxg2 18. Kxg2 d5 19. cxd5 cxd5 20. e5 h6 21. Bc5 Rad8 22. Bxe7 Qxe7 23. Qd4 b6 24. Rd1 Kh7 25. b3 Qc5 26. Qxc5 bxc5 27. e6 Rfe8 28. Re2 Rd6 29. f5 gxf5 30. Nxf5 Rdxe6 31. Rxe6 Rxe6 32. Rxd5 Bd4 33. Kf3 Bg1 34. h4 Kg6 35. h5+ Kf6 36. Nxh6 Re3+ 37. Kf4 Re1 38. Ng4+ Ke7 39. Re5+ Kf7 40. Rxe1 1-0


[Site "https://www.chess.com"]

[Event "Titled Tuesday Blitz January 03 Early 2023"]
[White "Tymrakiewicz, Rafal"]
[Black "Samaganova, Aleksandra"]
[WhiteFideId "1108832"]
[BlackFideId "13800221"]
[WhiteElo "2144"]
[BlackElo "1856"]
[Result "0-1"]
[Round "03"]
[TimeControl "180+2"]
[Date "2023.01.03"]
[WhiteClock "0:00:02"]
[BlackClock "0:00:15"]

1. d4 Nf6 2. Bg5 e6 3. Nd2 c5 4. e3 Nc6 5. Ngf3 Be7 6. Bd3 d5 7. c3 h6 8. Bh4 O-O 9. Ne5 Nxe5 10. dxe5 Nd7 11. Bg3 Rb8 12. Qh5 b5 13. f4 b4 14. c4 dxc4 15. Bxc4 Nb6 16. Rd1 Qc7 17. Bd3 c4 18. Bc2 c3 19. bxc3 Qxc3 20. Rc1 Qxe3+ 21. Qe2 Qxe2+ 22. Kxe2 Ba6+ 23. Kf3 Rfd8 24. Nb3 Nd5 25. Bf2 Nc3 26. Bxa7 Ra8 27. Bb6 Rdc8 28. Be4 Be2+ 29. Ke3 Rxa2 30. Nd4 Bc4 31. Bf3 Rb8 32. Bc7 Rc8 33. Bb6 Bd5 34. Rc2 Ra3 35. Bxd5 Nxd5+ 36. Kf2 Rxc2+ 37. Nxc2 Ra2 0-1


[Site "https://www.chess.com"]

[Event "Titled Tuesday Blitz January 03 Early 2023"]
[White "Namitbir Singh Walia"]
[Black "Bobomurodova, Maftuna"]
[WhiteFideId "35071068"]
[BlackFideId "14207400"]
[WhiteElo "2364"]
[BlackElo "1946"]
[Result "1-0"]
[Round "03"]
[TimeControl "180+2"]
[Date "2023.01.03"]
[WhiteClock "0:00:10"]
[BlackClock "0:00:20"]

1. e4 d5 2. exd5 Nf6 3. d4 Nxd5 4. c4 Nb6 5. Nc3 g6 6. h3 Bg7 7. Nf3 O-O 8. Be3 c6 9. Qd2 N8d7 10. Be2 Re8 11. O-O e5 12. dxe5 Nxe5 13. Qxd8 Rxd8 14. Nxe5 Bxe5 15. Rac1 Bf5 16. b3 Bd3 17. Rfd1 Bf5 18. Bf3 Kf8 19. Ne2 Ke8 20. Nd4 Bc8 21. a4 Nd7 22. a5 Nc5 23. b4 Ne6 24. Nxc6 Rxd1+ 25. Rxd1 Bc7 26. Nxa7 Be5 27. Nxc8 Rxc8 28. c5 Rc7 29. Bd5 Bc3 30. Bd2 Bd4 31. Be1 Be5 32. Kf1 Nf4 33. Bc4 f5 34. Bd2 Nh5 35. Bg5 Nf6 36. f4 Bc3 37. Rd3 Bb2 38. Rb3 Ba1 39. Rb1 Bc3 40. Rb3 Ne4 41. Ra3 Bd4 42. Bd5 Nd2+ 43. Ke2 Ne4 44. Bxe4 fxe4 45. a6 bxa6 46. Rxa6 Bc3 47. Rb6 Rd7 48. Ke3 Rd4 49. c6 Rc4 50. Rb8+ Kf7 51. b5 Bb4 52. Rb7+ Ke8 53. Rxh7 Bc5+ 54. Ke2 Rc2+ 55. Kd1 Rc3 56. c7 Bb6 57. c8=Q+ Rxc8 58. Rh8+ Kd7 59. Rxc8 Kxc8 60. Be7 Bd4 61. Ke2 Kb7 62. Bd8 Kc8 63. Ba5 Kb7 64. g4 Kc8 65. Bd2 Kd7 66. Be3 Bc3 67. Bc5 Ke6 68. Ke3 Kd5 69. Ba7 Bb2 70. h4 Bc1+ 71. Ke2 Bxf4 72. Be3 Be5 73. Bf2 Kc4 74. b6 Kd5 75. Be3 Ke6 76. b7 Kd7 77. Ba7 Kc6 78. b8=Q Bxb8 79. Bxb8 Kd5 80. Bf4 Kd4 81. h5 gxh5 82. gxh5 Kd5 83. h6 Ke6 84. h7 Kf5 85. h8=Q Kxf4 86. Qh4+ Ke5 87. Ke3 Kd5 88. Qxe4+ 1-0


[Site "https://www.chess.com"]

[Event "Titled Tuesday Blitz January 03 Early 2023"]
[White "Gulamali, Kazim"]
[Black "Md, Imran"]
[WhiteFideId "2024764"]
[BlackFideId "25748580"]
[WhiteElo "2243"]
[BlackElo "2284"]
[Result "0-1"]
[Round "03"]
[TimeControl "180+2"]
[Date "2023.01.03"]
[WhiteClock "0:00:59"]
[BlackClock "0:01:36"]

1. e4 c5 2. d4 cxd4 3. Nf3 Nc6 4. Nxd4 g6 5. Nc3 Bg7 6. Nb3 Nf6 7. g3 O-O 8. Bg2 a5 9. a4 d6 10. O-O Nd7 11. Nd5 Nc5 12. c3 e6 13. Ne3 b6 14. Nd4 Bb7 15. Nb5 Ne7 16. Nxd6 Bc6 17. f4 e5 18. f5 gxf5 19. exf5 Bxg2 20. Kxg2 f6 21. Nb5 Kh8 22. Qxd8 Rfxd8 23. Nc4 Nd5 24. Be3 Nb3 25. Rad1 Rac8 26. Nbd6 Rxd6 27. Nxd6 Nxe3+ 28. Kf3 Nxd1 29. Nxc8 Nd2+ 30. Ke2 Nxf1 31. Kxf1 Nxb2 32. Nxb6 Bf8 33. Ke2 Bc5 34. Nd7 Be7 35. Nb6 Bd8 36. Nd5 Nxa4 37. Kd3 Nb2+ 38. Kc2 Nc4 39. Kd3 Nd6 40. g4 a4 41. c4 a3 42. Nc3 e4+ 43. Kd4 Ba5 44. Na2 Bb6+ 45. c5 Bxc5+ 46. Kxc5 e3 0-1


[Site "https://www.chess.com"]

[Event "Titled Tuesday Blitz January 03 Early 2023"]
[White "Redzisz, Michal"]
[Black "Makhmudov, Shukhrat"]
[WhiteFideId "21816107"]
[BlackFideId "14200775"]
[WhiteElo "2269"]
[BlackElo "2115"]
[Result "0-1"]
[Round "03"]
[TimeControl "180+2"]
[Date "2023.01.03"]
[WhiteClock "0:00:27"]
[BlackClock "0:01:01"]

1. e4 e5 2. Nf3 Nc6 3. Bc4 Nf6 4. d3 Bc5 5. O-O Bb6 6. Nbd2 d6 7. c3 Ne7 8. h3 c6 9. Re1 Ng6 10. Nf1 O-O 11. d4 exd4 12. cxd4 Nxe4 13. Bxf7+ Rxf7 14. Rxe4 Bf5 15. Re1 d5 16. Ng3 Bd7 17. Ng5 Re7 18. Bd2 Rxe1+ 19. Qxe1 Bxd4 20. Qe2 Qf6 21. Re1 Re8 22. Qh5 Qxf2+ 23. Kh2 Rxe1 24. Qxh7+ Kf8 25. Bxe1 Qg1# 0-1


[Site "https://www.chess.com"]

[Event "Titled Tuesday Blitz January 03 Early 2023"]
[White "Ratnesan, Ranesh"]
[Black "Donskov, Anatoly"]
[WhiteFideId "439339"]
[BlackFideId "24143413"]
[WhiteElo "2260"]
[BlackElo "2279"]
[Result "1-0"]
[Round "03"]
[TimeControl "180+2"]
[Date "2023.01.03"]
[WhiteClock "0:00:39"]
[BlackClock "0:00:02"]

1. d4 d5 2. Nf3 Nf6 3. g3 Bf5 4. Bg2 e6 5. O-O h6 6. b3 c6 7. Bb2 Nbd7 8. c4 Be7 9. Nbd2 O-O 10. Ne5 Nxe5 11. dxe5 Nd7 12. e4 dxe4 13. Nxe4 Qc7 14. Nd6 Bg6 15. f4 Nc5 16. b4 Nd3 17. Bd4 Nxb4 18. f5 exf5 19. Nxf5 Bxf5 20. Rxf5 Rad8 21. Qg4 Nc2 22. Bc3 Nxa1 23. e6 f6 24. Bxa1 Qb6+ 25. Kh1 Rd2 26. Be4 Qe3 27. Rf1 Qg5 28. Qf3 Rfd8 29. Bc3 Rxa2 30. h4 Qc5 31. Qg4 Ra3 32. Qg6 Bd6 33. Qh7+ Kf8 34. Qh8+ Ke7 35. Qxg7+ Kxe6 36. Bf5+ Qxf5 37. Rxf5 Kxf5 38. Qxf6+ Ke4 39. Qxd8 Rxc3 40. Qxd6 Rxc4 41. Qe7+ 1-0


[Site "https://www.chess.com"]